 Dungeon Crawl Stone Soup version 0.30-a0-141-g30f27751c5 (webtiles) character file.

Game seed: 7379044340215886670

27734 Belterius the Severer (level 13, -10/118 HPs)
             Began as a Minotaur Fighter on Sept 25, 2022.
             Was the Champion of Okawaru.
             Mangled by Zinus's ghost (20 damage)
             ... on level 2 of the Lair of Beasts.
             The game lasted 00:46:07 (12862 turns).

Belterius the Severer (Minotaur Fighter)           Turns: 12862, Time: 00:46:08

Health: -10/118    AC: 14    Str: 33    XL:     13   Next: 6%
Magic:  15/15      EV: 10    Int:  5    God:    Okawaru [******]
Gold:   1162       SH:  8    Dex: 20    Spells: 12/12 levels left

rFire   + . .      SeeInvis +    K - +1 war axe (drain)
rCold   . . .      Faith    .    c - +0 buckler
rNeg    . . .      Spirit   .    Y - +1 ring mail of Masochism {Dex+3 Slay+5}
rPois   .          Reflect  .    O - +2 hat {SInv}
rElec   .          Harm     .    (no cloak)
rCorr   .          Rampage  .    L - +0 pair of gloves
Will    .....                    y - +1 pair of boots
Stlth   ++........               m - amulet of regeneration
HPRegen 1.09/turn                n - +6 ring of strength
MPRegen 0.14/turn                r - ring "Qienif" {rF+ Str+2 Dex+6 Stlth+}

@: about to teleport
A: horns 2, retaliatory headbutt
a: Renounce Religion, Heroism, Finesse, Duel


You were on level 2 of the Lair of Beasts.
You worshipped Okawaru.
Okawaru was exalted by your worship.
You visited 3 branches of the dungeon, and saw 14 of its levels.

You collected 1162 gold pieces.

Inventory:

Hand Weapons
 K - a +1 war axe of draining (weapon)
Missiles
 M - 15 boomerangs (quivered)
Armour
 c - a +0 buckler (worn)
 y - a +1 pair of boots (worn)
 L - a +0 pair of gloves (worn)
 O - a +2 hat of see invisible (worn)
 Y - the +1 ring mail of Masochism (worn) {Dex+3 Slay+5}
   (Okawaru gifted it to you on level 1 of the Lair of Beasts)

   Dex:       It affects your dexterity (+3).
   Slay:      It affects your accuracy & damage with ranged weapons and melee
   (+5).
Jewellery
 m - an amulet of regeneration (around neck)
 n - a +6 ring of strength (left hand)
 r - the ring "Qienif" (right hand) {rF+ Str+2 Dex+6 Stlth+}
   (You found it on level 3 of the Dungeon)

   [ring of dexterity]

   Str:       It affects your strength (+2).
   Dex:       It affects your dexterity (+6).
   rF:        It protects you from fire.
   Stlth:     It makes you more stealthy.
 J - a ring of protection from fire
 T - a ring of resist corrosion
Scrolls
 a - a scroll of silence
 g - 2 scrolls of immolation
 i - a scroll of fear
 k - 5 scrolls of poison
 l - 8 scrolls of teleportation
 C - a scroll of magic mapping
 U - 3 scrolls of identify
 X - a scroll of enchant armour
Potions
 d - 3 potions of might
 e - 4 potions of haste
 f - 3 potions of curing
 j - 4 potions of heal wounds
 s - 2 potions of mutation
 w - a potion of berserk rage
 x - 2 potions of flight {unknown}
 z - 3 potions of brilliance {unknown}
 B - 5 potions of degeneration {unknown}
 E - a potion of cancellation {unknown}
 G - a potion of resistance {unknown}
 I - a potion of attraction {unknown}
 P - a potion of ambrosia {unknown}


   Skills:
 + Level 12.0 Fighting
 * Level 16.1 Axes
 + Level 4.0 Throwing
 + Level 11.9 Armour
 + Level 12.1 Shields
 - Level 5.0 Invocations


You had 12 spell levels left.
You didn't know any spells.
Your spell library contained the following spells:

 Spells                   Type           Power      Damage    Failure   Level
 Apportation              Tloc           0%         N/A       63%         1
 Beastly Appendage        Tmut           0%         N/A       63%         1
 Foxfire                  Conj/Fire      0%         2x1d4     63%         1
 Slow                     Hex            0%         N/A       63%         1
 Cigotuvi's Dreadful Rot  Necr/Pois/Air  0%         N/A       77%         2
 Ensorcelled Hibernation  Hex/Ice        0%         N/A       77%         2
 Poisonous Vapours        Pois/Air       0%         N/A       77%         2
 Sublimation of Blood     Necr           0%         N/A       77%         2
 Wereblood                Tmut           0%         N/A       77%         2
 Confusing Touch          Hex            0%         N/A       94%         3
 Ignite Poison            Fire/Tmut/Pois 0%         N/A       94%         3
 Inner Flame              Hex/Fire       0%         N/A       94%         3
 Kindle Blastsparks       Fire/Tloc/Air  0%         2d10      94%         3
 Ozocubu's Armour         Ice            0%         N/A       94%         3
 Spider Form              Tmut/Pois      0%         N/A       94%         3
 Vampiric Draining        Necr           0%         2d6       94%         3
 Airstrike                Air            0%         2d(0-16)  100%        4
 Anguish                  Hex/Necr       0%         N/A       100%        4
 Cause Fear               Hex            0%         N/A       100%        4
 Flame Wave               Conj/Fire      0%         2d4       100%        4
 Ice Form                 Ice/Tmut       0%         N/A       100%        4
 Sticky Flame             Conj/Fire      0%         2d3       100%        4
 Alistair's Intoxication  Tmut/Pois      0%         N/A       100%        5
 Arcjolt                  Conj/Air       0%         1d10      100%        5
 Iskenderun's Battlesphe  Conj           0%         2d6       100%        5
 Lightning Bolt           Conj/Air       0%         1d11      100%        5
 Metabolic Englaciation   Hex/Ice        0%         N/A       100%        5
 Yara's Violent Unravell  Hex/Tmut       0%         3d3       100%        5
 Iron Shot                Conj/Erth      0%         9d1       100%        6
 Dragon Form              Tmut           0%         N/A       100%        7
 Discord                  Hex            0%         N/A       100%        8
 Summon Small Mammal      Summ           Unusable   N/A       N/A         1
 Call Canine Familiar     Summ           Unusable   N/A       N/A         3
 Summon Guardian Golem    Hex/Summ       Unusable   N/A       N/A         3
 Summon Lightning Spire   Summ/Air       Unusable   N/A       N/A         4
 Simulacrum               Ice/Necr       Unusable   N/A       N/A         6
 Spellforged Servitor     Conj/Summ      Unusable   N/A       N/A         7
 Summon Hydra             Summ           Unusable   N/A       N/A         7

Dungeon Overview and Level Annotations

Branches:
Dungeon (11/15)            Temple (1/1) D:5            Lair (2/5) D:9
  Swamp (0/4) Lair:2        Snake (0/4) Lair:2          Orc (0/2) D:9

Altars:
Elyvilon
Gozag
Hepliaklqana
Kikubaaqudgha
Okawaru
Qazlal
Ru
Trog
Uskayaw
Vehumet
Xom
Yredelemnul
Zin
The Shining One

Shops:
D:4 *

Annotations:
Lair:2 Zinus's ghost, journeyman OpAE


Innate Abilities, Weirdness & Mutations

You have a pair of horns on your head.
You reflexively headbutt those who attack you in melee.


Message History

Zinus's ghost casts a spell at you. The freezing blast engulfs you!!!
You are too injured to fight recklessly!
You block the boulder beetle's attack.
Zinus's ghost makes a sound of rattling chains.
Zinus's ghost casts a spell.
You are struck by an arc of lightning.
The boulder beetle is struck by an arc of lightning!
You are struck by an arc of lightning.
Zinus's ghost is struck by an arc of lightning.
The lightning grounds out.
The boulder beetle is struck by an arc of lightning!
Zinus's ghost is struck by an arc of lightning!
You are struck by an arc of lightning.
Zinus's ghost is struck by an arc of lightning!
The boulder beetle is struck by an arc of lightning!
The boulder beetle dies!
You are struck by an arc of lightning.
The lightning grounds out.
Your Fighting skill increases to level 12!
As you read the scroll of teleportation, it crumbles to dust.
You feel strangely unstable.
Zinus's ghost hits you but does no damage.
You are electrocuted!
* * * LOW HITPOINT WARNING * * *
You slash Zinus's ghost! Your headbutt misses Zinus's ghost.
Zinus's ghost is heavily damaged.
You slash Zinus's ghost!
Zinus's ghost is heavily damaged.
Zinus's ghost hits you but does no damage.
You miss Zinus's ghost.
Zinus's ghost is heavily damaged.
Zinus's ghost hits you.
* * * LOW HITPOINT WARNING * * *
You are electrocuted!!
* * * LOW HITPOINT WARNING * * *
You slash Zinus's ghost! Your headbutt misses Zinus's ghost.
Zinus's ghost is severely damaged.
Zinus's ghost hits you but does no damage.
You are electrocuted!!
You die...

###.#
###....####........ ###
######...........
#.......####. ##...(..#
#. #......# ##
##.....## #. ########
#......###### #.°○#§§§
##......#.#.. ##..○○@§§
#P..#........
#...○#§W§####..........
##.°######.##..........
#P.....................
#######...#.###......#.
####..#####.#...#..
##P##..# #.#...#... ###
#P.#P.## ####...... ##
##.# #......# #......


You could see Zinus's ghost (swift).

Vanquished Creatures
  Gastronok (D:10)
  Fannar (D:10)
  A catoblepas (Lair:2)
  A centaur warrior (D:7)
  2 boulder beetles
  3 two-headed ogres
  Nergalle (D:10)
  Pikel (D:9)
  The ghost of gabibbone the Skirmisher, a novice BaHu of Dithmenos (D:6)
  A cyclops (D:6)
  3 elephants (Lair:1)
  3 cane toads
  3 unseen horrors
  Maggie (D:8)
  Psyche (D:9)
  3 rime drakes
  5 komodo dragons
  A kobold demonologist (D:6)
  2 hornets
  A polar bear (Lair:2)
  3 trolls
  Grinder (D:5)
  5 blink frogs (Lair:2)
  A wraith (D:9)
  The ghost of btonasse the Skirmisher, an amateur SpHu of Sif Muna (D:3)
  3 wyverns
  30 yaks
  4 basilisks
  A steam dragon (D:8)
  A warg (D:6)
  4 water moccasins
  3 sky beasts
  3 ogres
  13 orc warriors
  2 ice beasts
  2 black bears
  4 centaurs
  2 lemures (D:9)
  2 phantoms
  7 kobold brigands
  7 bullfrogs
  A scorpion (D:5)
  A necrophage (D:7)
  3 gnoll sergeants
  7 wights
  5 killer bees (D:10)
  5 howler monkeys
  Crazy Yiuf (D:7)
  8 orc priests
  2 hounds (D:5)
  2 gnoll boudas
  2 jellies
  5 iguanas
  11 orc wizards
  6 adders
  21 gnolls
  A shadow imp (D:7)
  A white imp (D:8)
  An ufetubus (D:4)
  A worm (D:4)
  2 dart slugs
  49 orcs
  4 endoplasms
  3 giant cockroaches
  9 goblins
  3 hobgoblins
  43 kobolds
  7 quokkas
  5 ball pythons
  3 bats
  7 frilled lizards
  5 rats
  A butterfly (Lair:1)
360 creatures vanquished.

Vanquished Creatures (others)
  A boulder beetle (Lair:2)
  73 plants
74 creatures vanquished.

Grand Total: 434 creatures vanquished

Notes
Turn   | Place    | Note
-------+----------+-------------------------------------------
     0 | D:1      | Belterius the Minotaur Fighter began the quest for the Orb.
     0 | D:1      | Reached XP level 1. HP: 19/19 MP: 0/0
   346 | D:1      | Reached XP level 2. HP: 27/27 MP: 1/1
   482 | D:1      | Reached skill level 3 in Axes
  1029 | D:2      | Reached XP level 3. HP: 33/33 MP: 2/2
  1199 | D:3      | Noticed a bullfrog
  1199 | D:3      | Found a runed translucent gate.
  1199 | D:3      | Found a runed translucent gate.
  1199 | D:3      | Found an opulent altar of Gozag.
  1199 | D:3      | Found a runed translucent gate.
  1200 | D:3      | Noticed btonasse's ghost (amateur SpHu)
  1240 | D:3      | Got the Teachings on Sculpting
  1360 | D:3      | Identified the ring "Qienif" {rF+ Str+2 Dex+6 Stlth+}
  1716 | D:4      | Reached XP level 4. HP: 40/40 MP: 3/3
  1853 | D:4      | Found Uwuycofuax's Assorted Antiques.
  1865 | D:4      | Identified the ring "Uxuxzugi" {Drain rF+ rN++ Dex+5}
  1899 | D:4      | Noticed a phantom
  1911 | D:4      | Killed a phantom
  1912 | D:4      | Reached skill level 4 in Axes
  1912 | D:4      | Reached XP level 5. HP: 46/47 MP: 4/4
  1964 | D:4      | Found a bloodstained altar of Trog.
  2092 | D:4      | Noticed an angel
  2112 | D:4      | Found a shimmering altar of Xom.
  2114 | D:4      | Found a glowing silver altar of Zin.
  2394 | D:5      | Entered Level 5 of the Dungeon
  2468 | D:5      | Reached skill level 5 in Axes
  2520 | D:5      | Reached XP level 6. HP: 55/55 MP: 5/5
  2576 | D:5      | Reached skill level 5 in Fighting
  2576 | D:5      | Reached skill level 5 in Armour
  2576 | D:5      | Reached skill level 5 in Shields
  2762 | D:5      | Found a staircase to the Ecumenical Temple.
  2803 | Temple   | Entered the Ecumenical Temple
  2809 | Temple   | Became a worshipper of Warmaster Okawaru
  2847 | D:5      | Reached skill level 6 in Axes
  2869 | D:5      | Noticed Grinder
  2877 | D:5      | Paralysed by Grinder for 3 turns
  2891 | D:5      | Killed Grinder
  2891 | D:5      | Reached * piety under Okawaru
  2892 | D:5      | Reached XP level 7. HP: 44/61 MP: 6/6
  3000 | D:5      | Reached skill level 7 in Axes
  3233 | D:5      | Reached XP level 8. HP: 69/70 MP: 7/7
  3318 | D:3      | Killed btonasse's ghost
  3318 | D:3      | Reached ** piety under Okawaru
  3319 | D:3      | Reached skill level 8 in Axes
  3567 | D:6      | Found a transporter.
  3570 | D:6      | Noticed a two-headed ogre
  3572 | D:6      | Noticed a cyclops
  3572 | D:6      | Noticed a kobold demonologist
  3573 | D:6      | Found a transporter.
  3573 | D:6      | Noticed a boulder beetle
  3585 | D:6      | Found a hide-covered altar of Uskayaw.
  3669 | D:6      | Found a radiant altar of Vehumet.
  3669 | D:6      | Found a white marble altar of Elyvilon.
  3862 | D:6      | Found a runed translucent gate.
  3862 | D:6      | Found a runed translucent gate.
  3862 | D:6      | Found a runed translucent gate.
  3862 | D:6      | Noticed gabibbone's ghost (novice BaHu)
  4093 | D:7      | Noticed a hornet
  4100 | D:6      | Killed a hornet
  4101 | D:6      | Reached skill level 9 in Axes
  4171 | D:7      | Reached XP level 9. HP: 69/79 MP: 8/8
  4209 | D:7      | Reached *** piety under Okawaru
  4210 | D:7      | Reached skill level 1 in Invocations
  4434 | D:7      | Found an opulent altar of Gozag.
  4525 | D:7      | Reached skill level 10 in Axes
  4623 | D:7      | Noticed a centaur warrior
  4759 | D:7      | Noticed a troll
  5082 | D:6      | Reached **** piety under Okawaru
  5122 | D:6      | Killed gabibbone's ghost
  5134 | D:6      | Identified the +0 hat of Contumacious Surprise {Dex+4}
  5300 | D:7      | Killed a troll
  5301 | D:7      | Reached XP level 10. HP: 89/89 MP: 11/11
  5405 | D:7      | Reached skill level 11 in Axes
  5589 | D:7      | Found a runed translucent door.
  5590 | D:7      | Noticed Crazy Yiuf
  5597 | D:7      | Killed Crazy Yiuf
  5663 | D:7      | Killed a centaur warrior
  5745 | D:7      | Reached ***** piety under Okawaru
  5975 | D:8      | Noticed a two-headed ogre
  6343 | D:8      | Killed a two-headed ogre
  6344 | D:8      | Reached skill level 12 in Axes
  6799 | D:8      | Received a gift from Okawaru
  7512 | D:8      | Noticed Maggie
  7691 | D:8      | Paralysed by Maggie for 5 turns
  7702 | D:8      | Killed Maggie
  7703 | D:8      | Reached XP level 11. HP: 92/94 MP: 10/13
  7845 | D:9      | Found a flagged portal.
  7903 | D:9      | Reached skill level 5 in Invocations
  7931 | D:9      | Noticed Pikel
  8104 | D:9      | Paralysed by a hornet for 1 turns
  8138 | D:9      | Reached skill level 13 in Axes
  8206 | D:9      | Reached skill level 10 in Shields
  8271 | D:9      | Killed Pikel
  8271 | D:9      | Received a gift from Okawaru
  8313 | D:9      | Reached skill level 10 in Fighting
  8335 | D:9      | Noticed Psyche
  8338 | D:9      | Reached skill level 10 in Armour
  8343 | D:9      | Killed Psyche
  8501 | D:9      | Found a staircase to the Lair.
  8687 | D:9      | Found a staircase to the Orcish Mines.
  8738 | D:10     | Entered Level 10 of the Dungeon
  8742 | D:10     | Noticed Nergalle
  8757 | D:10     | Killed Nergalle
  8914 | D:10     | Found a glowing golden altar of the Shining One.
  8990 | D:10     | Reached skill level 14 in Axes
  9017 | D:10     | Noticed Gastronok
  9226 | D:10     | Killed Gastronok
  9245 | D:10     | Noticed Fannar
  9258 | D:10     | Killed Fannar
  9343 | D:10     | Found an ancient bone altar of Kikubaaqudgha.
  9389 | D:10     | Reached XP level 12. HP: 95/108 MP: 14/14
  9874 | D:6      | Killed a two-headed ogre
  9875 | D:6      | Reached skill level 1 in Throwing
  9878 | D:6      | Killed a boulder beetle
 10178 | D:11     | Noticed a two-headed ogre
 10183 | D:11     | Killed a two-headed ogre
 10183 | D:11     | Reached ****** piety under Okawaru
 10184 | D:11     | Reached skill level 15 in Axes
 10384 | D:11     | Noticed a boulder beetle
 10622 | D:11     | Noticed a boulder beetle
 10637 | D:11     | Killed a boulder beetle
 10780 | Lair:1   | Entered Level 1 of the Lair of Beasts
 10807 | Lair:1   | Received a gift from Okawaru
 11114 | Lair:1   | Identified the +1 ring mail of Masochism {Dex+3 Slay+5}
                  | (Okawaru gifted it to you on level 1 of the Lair of Beasts)
 11114 | Lair:1   | Received a gift from Okawaru
 11581 | Lair:2   | Noticed a catoblepas
 11598 | Lair:2   | Killed a catoblepas
 11669 | Lair:2   | Reached skill level 16 in Axes
 11790 | Lair:2   | Reached XP level 13. HP: 105/117 MP: 15/15
 11887 | Lair:2   | Found a staircase to the Swamp.
 11976 | Lair:2   | Found a staircase to the Snake Pit.
 12428 | Lair:2   | Found a runed translucent door.
 12429 | Lair:2   | Noticed Zinus's ghost (journeyman OpAE)
 12862 | Lair:2   | Mangled by Zinus's ghost

Illustrated notes

Levels and vault maps discovered:
D:1:      dpeg_arrival_simpleton_a, layout_loops_ring, st_stairs_5,
          hangedman_decor_points
D:2:      layout_rooms
D:3:      layout_basic, ebering_ghost_gozag
D:4:      layout_basic, grunt_temple_overflow_order_and_chaos_1,
          general_overflow_altar, serial_shops, shop, dk_noncrumbling_4
D:5:      layout_loops_cross, minmay_temple_entry_glass, uniq_grinder
D:6:      layout_gridville, gammafunk_temple_overflow_arena,
          biasface_ghost_orc_armoury, dreamdust_wishing_well
D:7:      nzn_winding_woodlands_three_and_one
          [nzn_winding_woodlands_5x15_sidewinder,
          nzn_winding_woodlands_5x15_cabin, nzn_winding_woodlands_5x15_default,
          nzn_winding_woodlands_center_diamonds], layout_cave_pools,
          nicolae_gozag_seed_capital, grunt_ministairs_7,
          uniq_crazy_yiuf_cottage
D:8:      kennysheep_kobold_camp, layout_layer_cave, st_stairs_4,
          nicolae_benzene_ring, amcnicky_mini_corridor_feature, uniq_maggie
D:9:      layout_cave_pools, david_lair_generic,
          kennysheep_orc_monster_closet_entryway, enter_bailey_2, uniq_psyche,
          uniq_pikel
D:10:     layout_grid_maze, chequers_temple_overflow_statue_of_worship,
          minmay_unpleasant_kobolds, uniq_nergalle, uniq_fannar, uniq_gastronok
D:11:     layout_basic
Temple:   compressed_dpeg_triangle_lava_temple
Lair:1:   layout_long_grid, grunt_megastairs_5, lemuel_fruit_fields
Lair:2:   layout_layer_cave, swamp_mist_pool, dummy_snake_entry,
          ebering_ghost_inner_flame

Skill      XL: |  1  2  3  4  5  6  7  8  9 10 11 12 13 |
---------------+----------------------------------------+-----
Axes           | 3 4 5 6 7 9 10 12 14 16 | 16.1
Shields        | 4 5 6 7 8 9 10 12 | 12.1
Armour         | 4 5 6 7 8 9 10 11 | 11.9
Fighting       | 4 5 6 7 8 9 10 11 12 | 12.0
Invocations    | 3 4 5 |  5.0
Throwing       | 3 4 |  4.0

Action                   |  1- 3 |  4- 6 |  7- 9 | 10-12 | 13-15 || total
-------------------------+-------+-------+-------+-------+-------++-------
Melee: War axe           |   125 |   107 |   184 |   520 |    15 ||   951
       Headbutt          |    11 |    14 |    42 |   132 |     2 ||   201
Throw: Boomerang         |       |       |       |    10 |       ||    10
Invok: Heroism           |       |       |     2 |     8 |       ||    10
       Finesse           |       |       |       |     2 |       ||     2
  Use: Scroll            |       |       |     1 |    15 |     1 ||    17
 Stab: Sleeping          |     1 |     1 |       |     2 |       ||     4
       Distracted        |       |       |       |     1 |       ||     1
Armor: Scale mail        |    52 |    52 |    75 |    80 |       ||   259
       Chain mail        |       |       |       |    42 |       ||    42
       Plate armour      |       |       |       |    28 |       ||    28
       Ring mail         |       |       |       |    13 |     4 ||    17
Dodge: Dodged            |    74 |    41 |    91 |   152 |     1 ||   359
Block: Buckler           |    24 |    33 |    51 |   147 |     5 ||   260

Table legend: (Time is in decaauts)
 A = Elapsed time spent in this place.
 B = Non-inter-level travel time spent in this place.
 C = Inter-level travel time spent in this place.
 D = Time resting spent in this place.
 E = Time spent auto-exploring this place.
 F = Levels seen in this place.
 G = Mean time per level.
                   A        B        C        D        E       F      G
               +--------+--------+--------+--------+--------+-----+--------+
         Total |  12944 |  11954 |    990 |   1003 |   8133 |  14 |  924.6 |
       Dungeon |  10871 |   9943 |    928 |   1003 |   6446 |  11 |  988.3 |
        Temple |     15 |     13 |      2 |      0 |      0 |   1 |   15.0 |
          Lair |   2058 |   1999 |     59 |      0 |   1687 |   2 | 1029.0 |
               +--------+--------+--------+--------+--------+-----+--------+

Top non-repeatable levels by time:
     D:8: 1858 daAuts
     D:6: 1513 daAuts
     D:7: 1444 daAuts
  Lair:2: 1313 daAuts
     D:1: 1044 daAuts
     D:5: 979 daAuts
    D:10: 957 daAuts
     D:9: 874 daAuts
     D:4: 748 daAuts
  Lair:1: 744 daAuts
    D:11: 626 daAuts
     D:3: 614 daAuts
     D:2: 208 daAuts
  Temple: 15 daAuts
